 Dungeon Crawl Stone Soup version 0.29-a0-834-g1e95ca9f62 (webtiles) character file.

Game seed: 6262518223560497441

4536 kevlar127 the Grappler (level 10, -1/156 HPs)
             Began as a Troll Berserker on July 13, 2022.
             Was an Elder of Trog.
             Slain by an orc warrior
             ... wielding a +0 long sword
              (13 damage)
             ... on level 9 of the Dungeon.
             The game lasted 00:18:53 (7332 turns).

kevlar127 the Grappler (Troll Berserker)            Turns: 7332, Time: 00:18:56

Health: -1/156     AC:  4    Str: 31    XL:     10   Next: 17%
Magic:  9/9        EV: 10    Int:  3    God:    Trog [****..]
Gold:   109        SH:  0    Dex:  9    Spells: 9/9 levels left

rFire   + . .      SeeInvis .     - Unarmed
rCold   . . .      Faith    .   (no shield)
rNeg    . . .      Spirit   .   a - +0 animal skin
rPois   .          Reflect  .   (helmet restricted)
rElec   .          Harm     .   G - scarf {repulsion}
rCorr   .          Rampage  .   (gloves unavailable)
Will    +++..                   (boots unavailable)
Stlth   ..........              B - amulet of regeneration
HPRegen 2.96/turn               A - ring of willpower
MPRegen 0.11/turn               H - ring of protection from fire

@: berserking, lethally poisoned (-1 -> -1), strong-willed, regenerating, repel
missiles, very quick
A: large, unfitting armour, claws 3, regeneration 1, shaggy fur 1, tough skin 1
a: Renounce Religion, Berserk, Trog's Hand, Brothers in Arms


You were on level 9 of the Dungeon.
You worshipped Trog.
Trog was greatly pleased with you.
You visited 1 branch of the dungeon, and saw 9 of its levels.
You also visited: Sewer.

You collected 450 gold pieces.
You spent 341 gold pieces at shops.

Inventory:

Missiles
 c - 59 stones (quivered)
 z - 9 poisoned darts
 J - 2 javelins
 K - 2 boomerangs
 N - 3 large rocks
Armour
 a - a +0 animal skin (worn)
 w - a +1 cloak
 G - a scarf of repulsion (worn)
Jewellery
 f - a ring of magical power
 A - a ring of willpower (left claw)
 B - an amulet of regeneration (around neck)
 H - a ring of protection from fire (right claw)
 I - the macabre finger necklace {rN+}
   (You found it on level 6 of the Dungeon)

   [amulet of nothing]

   It enables you to equip an extra ring.
   rN:        It protects you from negative energy.
Wands
 n - a wand of polymorph (7)
 s - a wand of flame (37)
 u - a wand of paralysis (6)
 M - a wand of mindburst (13)
Scrolls
 b - a scroll of torment {unknown}
 d - 16 scrolls of identify {unknown}
 i - 3 scrolls of vulnerability {unknown}
 k - a scroll of brand weapon {unknown}
 l - a scroll of summoning {unknown}
 o - 3 scrolls of fear
 p - a scroll of magic mapping {unknown}
 q - 4 scrolls of teleportation
 x - 3 scrolls of enchant armour {unknown}
 y - a scroll of silence {unknown}
 L - a scroll of blinking {unknown}
 O - a scroll of enchant weapon {unknown}
Potions
 e - 4 potions of curing {unknown}
 g - a potion of degeneration {unknown}
 h - 2 potions of brilliance {unknown}
 j - a potion of attraction {unknown}
 m - 2 potions of flight {unknown}
 r - 2 potions of invisibility {unknown}
 t - a potion of heal wounds {unknown}
 v - 2 potions of resistance {unknown}
 C - a potion of berserk rage {unknown}
 D - 6 potions of haste {unknown}
 E - a potion of cancellation {unknown}
 F - 2 potions of might {unknown}


   Skills:
 + Level 8.3 Fighting
 + Level 5.9 Throwing
 + Level 0.6 Armour
 + Level 2.6 Dodging
 + Level 9.9 Unarmed Combat


You had 9 spell levels left.
You didn't know any spells.
Your spell library was empty.

Dungeon Overview and Level Annotations

Branches:
Dungeon (9/15)             Temple (0/1) D:5            Lair (0/6) D:8
  Sewer (visited)
    Orc: D:9-12

Altars:
Ashenzari
Gozag
Hepliaklqana
Kikubaaqudgha
Qazlal
Sif Muna
Trog
Yredelemnul
Zin
The Shining One

Shops:
D:1 ?   D:3 (   D:4 =


Innate Abilities, Weirdness & Mutations

You are too large for most types of armour.
You have claws for hands.
Your natural rate of healing is unusually fast.
You are covered in fur. (AC +1)
You have tough skin. (AC +1)


Message History

You claw the orc priest!
You kill the orc priest!
Trog accepts your kill.
The kobold brigand attacks as you move away!
The kobold brigand hits you with a +0 short sword.
The centaur attacks as you move away!
The centaur unwields a +0 shortbow.
The centaur hits you but does no damage.
The centaur kicks you.
The kobold brigand throws a poisoned dart.
The poisoned dart hits you!
You are poisoned.
The orc priest mumbles some strange prayers to Beogh against you.
Beogh smites you!
The orc warrior hits you with a +0 long sword!
* * * LOW HITPOINT WARNING * * *
Things that are here:
a +0 falchion; an orc corpse A red film seems to cover your vision as you go berserk!
You feel yourself moving faster!
You feel mighty!
You feel sick. The orc warrior barely misses you. The troll barely misses you.
The troll closely misses you. The troll claws you.
* * * LOW HITPOINT WARNING * * *
The centaur closely misses you. The centaur misses you.
Unknown command.
You claw the troll!
You kill the troll!
Trog accepts your kill.
You feel sick.
The kobold brigand throws a poisoned dart.
The poisoned dart closely misses you.
The orc warrior hits you with a +0 long sword!
* * * LOW HITPOINT WARNING * * *
You barely miss the orc. The centaur hits you.
* * * LOW HITPOINT WARNING * * *
The centaur kicks you.
* * * LOW HITPOINT WARNING * * *
The orc hits you with a +0 club.
* * * LOW HITPOINT WARNING * * *
The orc warrior hits you with a +0 long sword!
You die...

#.......#
#.......# #
#.......# .#
#.......# ..#
#.......###..##
#..............
#KK.......
#cooo....#
#)@###...# #..#
..# #..# # #..#
#..# #..# #..#
#...


You could see an orc warrior, a kobold brigand, a centaur, an orc priest, an orc
and a kobold.

Vanquished Creatures
  A troll (D:9)
  Grinder (D:3)
  A shadow (D:5)
  2 steam dragons
  6 yaks (D:8)
  A water moccasin (D:7)
  3 ice beasts
  An orc warrior (D:9)
  2 sky beasts (D:6)
  2 black bears
  2 ogres
  4 centaurs
  A kobold brigand (D:8)
  A phantom (D:6)
  Blork the orc (D:6)
  A bullfrog (D:7)
  A scorpion (D:6)
  5 wights (D:8)
  2 hounds
  6 orc priests
  Crazy Yiuf (D:3)
  5 jellies
  4 iguanas
  Ijyb (D:3)
  Terence (D:3)
  2 orc wizards
  9 adders
  4 gnolls (D:5)
  2 river rats
  3 white imps
  An ufetubus (D:6)
  3 worms
  9 dart slugs
  25 orcs
  18 endoplasms
  11 giant cockroaches
  14 goblins
  5 hobgoblins
  5 jackals (D:1)
  11 kobolds
  5 quokkas
  9 ball pythons
  4 bats
  5 frilled lizards
  10 rats
211 creatures vanquished.

Vanquished Creatures (others)
  An orc wizard (D:8)
1 creature vanquished.

Grand Total: 212 creatures vanquished

Notes
Turn   | Place    | Note
-------+----------+-------------------------------------------
     0 | D:1      | kevlar127 the Troll Berserker began the quest for the Orb.
     0 | D:1      | Reached XP level 1. HP: 22/22 MP: 0/0
   233 | D:1      | Reached XP level 2. HP: 27/29 MP: 1/1
   461 | D:1      | Reached XP level 3. HP: 36/37 MP: 2/2
   622 | D:1      | Found Ciotib's Magic Scroll Shoppe.
   679 | D:1      | Reached ** piety under Trog
  1200 | D:2      | Reached skill level 4 in Unarmed Combat
  1261 | D:2      | Reached XP level 4. HP: 45/45 MP: 3/3
  1687 | D:3      | Noticed Terence
  1693 | D:3      | Killed Terence
  1724 | D:3      | Found a bloodstained altar of Trog.
  1795 | D:3      | Reached *** piety under Trog
  1798 | D:3      | Reached XP level 5. HP: 48/54 MP: 4/4
  1817 | D:3      | Noticed Ijyb
  1834 | D:3      | Killed Ijyb
  1868 | D:3      | Found a faded altar of an unknown god.
  1929 | D:3      | Found Ipamucan's Weapon Shop.
  1967 | D:3      | Noticed Grinder
  1986 | D:3      | Killed Grinder
  1987 | D:3      | Reached skill level 5 in Unarmed Combat
  1987 | D:3      | Reached XP level 6. HP: 42/63 MP: 5/5
  2218 | D:3      | Found a broken altar of Ashenzari.
  2222 | D:3      | Found a glowing golden altar of the Shining One.
  2225 | D:3      | Found a shimmering blue altar of Sif Muna.
  2225 | D:3      | Found a hazy altar of Hepliaklqana.
  2234 | D:3      | Found a stormy altar of Qazlal.
  2279 | D:3      | Found a runed translucent door.
  2280 | D:3      | Noticed Crazy Yiuf
  2443 | D:3      | Found an ancient bone altar of Kikubaaqudgha.
  2443 | D:3      | Found an opulent altar of Gozag.
  2801 | D:3      | Killed Crazy Yiuf
  2957 | D:4      | Found Asuut's Jewellery Shoppe.
  3254 | D:4      | Reached skill level 6 in Unarmed Combat
  3544 | D:4      | Reached skill level 5 in Fighting
  3544 | D:4      | Reached XP level 7. HP: 59/72 MP: 6/6
  3619 | D:4      | Bought a ring of willpower for 250 gold pieces
  3639 | D:5      | Entered Level 5 of the Dungeon
  3875 | D:5      | Noticed a shadow
  3883 | D:5      | Killed a shadow
  3884 | D:5      | Reached skill level 7 in Unarmed Combat
  3903 | D:5      | Found a glowing drain.
  3914 | Sewer    | Entered a sewer
  4029 | Sewer    | Reached XP level 8. HP: 83/83 MP: 7/7
  4090 | Sewer    | Reached **** piety under Trog
  4092 | Sewer    | Found a viscous altar of Jiyva.
  4192 | D:5      | Reached skill level 1 in Throwing
  4238 | D:5      | Found a staircase to the Ecumenical Temple.
  4812 | D:6      | Reached skill level 8 in Unarmed Combat
  4873 | D:6      | Found the macabre finger necklace {rN+}
  5405 | D:6      | Noticed Blork the orc
  5421 | D:6      | Killed Blork the orc
  5427 | D:6      | Reached XP level 9. HP: 35/93 MP: 8/8
  5783 | D:1      | Bought a scroll of fear for 52 gold pieces
  5783 | D:1      | Bought a scroll of teleportation for 39 gold pieces
  6590 | D:8      | Reached skill level 9 in Unarmed Combat
  6692 | D:8      | Found a glowing silver altar of Zin.
  6771 | D:8      | Reached skill level 5 in Throwing
  6802 | D:8      | Reached XP level 10. HP: 71/104 MP: 9/9
  6859 | D:8      | Found a staircase to the Lair.
  6913 | D:8      | Found a basalt altar of Yredelemnul.
  7332 | D:9      | Slain by an orc warrior

Illustrated notes

Levels and vault maps discovered:
D:1:      minmay_arrival_stair_chambers, layout_loops_corners, serial_shops,
          shop
D:2:      layout_loops_ring, minmay_worlds_worst_comb
D:3:      layout_basic, mainiacjoe_overflow_24_doors,
          nicolae_overflow_hallway_of_the_gods, nicolae_overflow_two_pavilions,
          dreamdust_ecumenical_altar_statues, serial_shops,
          nicolae_shop_behind_doors, uniq_grinder, uniq_crazy_yiuf_cottage,
          uniq_ijyb, uniq_terence
D:4:      layout_loops_ring, serial_shops, shop, kennysheep_generic_room_3
D:5:      layout_layer_cave, minmay_temple_entry_waves, gup_sewer_entry_bowl,
          minmay_checkerbox
D:6:      layout_basic, uniq_blork_the_orc
D:7:      layout_loops_cross
D:8:      layout_basic, mainiacjoe_overflow_tiny_flanked, zin_academy,
          lair_entry_dummy, enter_bailey_3
D:9:      layout_long_grid, gammafunk_temple_overflow_statue, vehumet_crystals

Skill      XL: |  1  2  3  4  5  6  7  8  9 |
---------------+----------------------------+-----
Fighting       | 3 4 5 6 7 8 |  8.3
Unarmed Combat | 4 5 6 7 8 9 |  9.9
Throwing       | 3 5 |  5.9
Armour         | |  0.6
Dodging        | |  2.6

Action                   |  1- 3 |  4- 6 |  7- 9 | 10-12 || total
-------------------------+-------+-------+-------+-------++-------
Melee: Unarmed           |   105 |   138 |   262 |    26 ||   531
       Punch             |     2 |     6 |     9 |     3 ||    20
Throw: Stone             |       |       |    13 |       ||    13
Invok: Berserk           |       |     3 |     1 |     1 ||     5
       Trog's Hand       |       |     1 |     4 |     1 ||     6
 Stab: Sleeping          |     2 |       |       |       ||     2
Armor: Animal skin       |    26 |    43 |    57 |     7 ||   133
Dodge: Dodged            |    49 |    48 |   130 |    33 ||   260
       Repelled          |       |       |     3 |       ||     3

Table legend: (Time is in decaauts)
 A = Elapsed time spent in this place.
 B = Non-inter-level travel time spent in this place.
 C = Inter-level travel time spent in this place.
 D = Time resting spent in this place.
 E = Time spent auto-exploring this place.
 F = Levels seen in this place.
 G = Mean time per level.
                   A        B        C        D        E       F      G
               +--------+--------+--------+--------+--------+-----+--------+
         Total |   7347 |   6791 |    556 |    520 |   5124 |  10 |  734.7 |
       Dungeon |   7119 |   6563 |    556 |    520 |   5001 |   9 |  791.0 |
         Sewer |    228 |    228 |      0 |      0 |    122 |   1 |  228.0 |
               +--------+--------+--------+--------+--------+-----+--------+

Top non-repeatable levels by time:
     D:3: 1274 daAuts
     D:6: 1123 daAuts
     D:1: 1057 daAuts
     D:5: 782 daAuts
     D:8: 773 daAuts
     D:4: 750 daAuts
     D:7: 673 daAuts
     D:2: 669 daAuts
   Sewer: 228 daAuts
     D:9: 14 daAuts
